 Dungeon Crawl Stone Soup version 0.30-a0-451-ge042605de7 (webtiles) character file.

Game seed: 664121105897734688

48247 cforsyth the Fighter (level 14, -5/195 HPs)
             Began as a Minotaur Berserker on Dec 12, 2022.
             Was an Elder of Trog.
             Slain by a bone dragon (11 damage)
             ... on level 1 of the Orcish Mines.
             The game lasted 00:50:52 (22793 turns).

cforsyth the Fighter (Minotaur Berserker)          Turns: 22793, Time: 00:50:52

Health: -5/195     AC: 27    Str: 28    XL:     14   Next: 11%
Magic:  13/13      EV:  2    Int:  4    God:    Trog [****..]
Gold:   1733       SH: 11    Dex:  9    Spells: 13/13 levels left

rFire   . . .      SeeInvis .    x - +1 war axe (flame)
rCold   . . .      Faith    .    o - +0 kite shield
rNeg    . . .      Spirit   .    (body armour currently unavailable)
rPois   +          Reflect  .    (helmet currently unavailable)
rElec   .          Harm     .    (cloak currently unavailable)
rCorr   +          Rampage  .    (gloves currently unavailable)
Will    +....      NoTele   +    (boots currently unavailable)
Stlth   +++.......               (no amulet)
HPRegen 0.52/turn                e - ring of resist corrosion
MPRegen 0.13/turn                E - ring of Shadows {Umbra +Inv Stlth+}

@: mighty, tree-form, on berserk cooldown, slowed, wreathed by umbra, studying
Throwing, very slow
A: stationary, stasis, torment immunity, boosted hp, (horns 2), (retaliatory
headbutt)
a: Renounce Religion, Evoke Invisibility, Berserk, Trog's Hand, Brothers in Arms


You were on level 1 of the Orcish Mines.
You worshipped Trog.
Trog was greatly pleased with you.
You were a tree.
You visited 3 branches of the dungeon, and saw 19 of its levels.
You visited the Abyss 2 times.

You collected 1892 gold pieces.
You spent 159 gold pieces at shops.

Inventory:

Hand Weapons
 x - a +1 war axe of flaming (weapon)
Missiles
 C - a throwing net (quivered)
Armour
 f - a +2 hat (melded)
 k - +1 gold dragon scales (melded)
 l - a +0 tower shield
 o - a +0 kite shield (worn)
 r - a scarf of resistance (melded)
 y - a +0 pair of gloves (melded)
 I - a +0 pair of boots (melded)
Jewellery
 c - a +4 ring of evasion
 e - a ring of resist corrosion (left branch)
 h - an amulet of faith
 u - a ring of flight
 z - a +6 ring of strength
 E - the ring of Shadows (right branch) {Umbra +Inv Stlth+}
   (You found it on level 11 of the Dungeon)

   [ring of stealth]

   It surrounds you with an aura of shadow, increasing your stealth and reducing
   the accuracy of all others within it.
   +Inv:      It lets you turn invisible.
   Stlth:     It makes you more stealthy.
Wands
 b - a wand of paralysis (17)
 p - a wand of flame (23)
 v - a wand of quicksilver (8)
 B - a wand of mindburst (8)
 D - a wand of digging (4)
 J - a wand of roots (4)
Scrolls
 a - 8 scrolls of identify
 g - 2 scrolls of enchant weapon
 t - 2 scrolls of poison
 F - 2 scrolls of enchant armour
Potions
 d - 6 potions of flight
 j - 3 potions of attraction
 q - 7 potions of mutation
 s - 4 potions of lignification
 w - 3 potions of might


   Skills:
 + Level 13.9 Fighting
 + Level 13.8 Axes
 + Level 13.6 Armour
 + Level 12.5 Dodging
 + Level 13.0 Shields


You had 13 spell levels left.
You didn't know any spells.
Your spell library was empty.

Dungeon Overview and Level Annotations

Branches:
Dungeon (12/15)            Temple (0/1) D:6            Lair (5/5) D:10
  Swamp (0/4) Lair:2        Snake (0/4) Lair:3        Slime (0/5) Lair:4
    Orc (2/2) D:9
    Elf: Orc:2

Altars:
Ashenzari
Cheibriados
Dithmenos
Kikubaaqudgha
Nemelex Xobeh
Okawaru
Qazlal
Ru
Sif Muna
Uskayaw
Wu Jian
Yredelemnul
Zin
The Shining One
Jiyva

Shops:
D:5 [   D:7 !   D:8 ![   Orc:1 *

Annotations:
D:12 Azrael
Orc:1 Sonja


Innate Abilities, Weirdness & Mutations

You are a tree.
Your roots penetrate the ground, keeping you stationary.
You cannot be teleported.
You are immune to unholy pain and torment.
Your maximum health is greatly increased.
Your equipment is partially melded.
((You have a pair of horns on your head.))
((You reflexively headbutt those who attack you in melee.))


Message History

You feel very sick.
The bone dragon bites you but does no damage.
The bone dragon misses you.
The bone dragon tramples you but does no damage.
Your skin stops crawling.
You feel less strong-willed.
* * * LOW HITPOINT WARNING * * *
You feel very sick. The bone dragon bites you.
* * * LOW HITPOINT WARNING * * *
The bone dragon claws you but does no damage.
The bone dragon barely misses you.
Unknown command.
Unknown command.
You feel better.
The bone dragon bites you but does no damage.
You block the bone dragon's attack. The bone dragon closely misses you.
Sonja bows elegantly.
Sonja casts a spell.
Sonja blinks!
Okay, then.
Unknown command.
You feel better.
Sonja casts a spell.
Sonja blinks!
The bone dragon bites you!
* * * LOW HITPOINT WARNING * * *
The bone dragon claws you but does no damage.
You block the bone dragon's attack. The bone dragon bites you.
* * * LOW HITPOINT WARNING * * *
You block the bone dragon's attack.
The bone dragon tramples you but does no damage.
Really quaff the potion of lignification?
You turn into a tree.
Your scarf of resistance melds into your body.
Your +2 hat melds into your body.
Your +0 pair of gloves melds into your body.
Your +0 pair of boots melds into your body.
Your +1 gold dragon scales melds into your body.
You feel hot and cold all over.
Your roots penetrate the ground.
The bone dragon bites you!
You die...

### ### ##.## ####.## ##...#
####.#...# #...####.#......##
#####.## #..........# ###
##.###.#####.#...§#§## ##.##
#...#...##.#..[§§§§§.###...#
##...#........§§D§§§^.K...## ###
#...##........#§♣÷§§.....## ##.##
##.####.......§§§§...#....###...#
##.##...........................#
#.................>..............
##.##.....................#..#...
#..##....#.............§.....###.
....#.................#...#.#####
...###.................#.#)..#.##
.### ##.#.#..###.......#.##.....#


You could see a bone dragon.

Vanquished Creatures
  A tentacled monstrosity (Abyss:2)
  A tentacled starspawn (Abyss:3)
  4 hydras
  Erolcha (D:11)
  A boulder beetle (D:11)
  Erica (D:9)
  A two-headed ogre (D:10)
  Urug (Lair:4)
  5 thrashing horrors
  Amaemon (D:9)
  A wretched star (Abyss:1)
  Lodul (D:10)
  8 large abominations
  A necromancer (Abyss:1)
  An orc knight (Orc:1)
  A manticore (D:11)
  A worldbinder (Abyss:2)
  An orc sorcerer (Orc:1)
  3 black mambas
  10 elephants
  2 smoke demons (Abyss:1)
  7 cane toads
  Maggie (D:9)
  A rime drake (Lair:2)
  A spectral unseen horror (D:9)
  3 komodo dragons
  An orange demon (D:9)
  A kobold demonologist (D:10)
  2 ancient zymes (Abyss:3)
  An unseen horror zombie (D:9)
  3 trolls
  A polar bear (Lair:3)
  A raiju (Abyss:2)
  10 dream sheep
  3 slime creatures
  7 blink frogs
  A wyvern (D:10)
  2 fire elementals
  3 vampires
  A ynoxinul (Abyss:1)
  32 yaks
  7 small abominations
  3 basilisks
  2 neqoxecs (Abyss:2)
  2 wargs (Orc:1)
  A steam dragon (D:10)
  A vampire mosquito (D:11)
  A swamp worm (Lair:2)
  An acid dragon (D:9)
  3 nagas (Lair:3)
  6 water moccasins
  A hell hound (D:11)
  18 orc warriors
  2 ice beasts
  A sky beast (D:6)
  A black bear (D:4)
  2 starcursed masses (Abyss:1)
  17 ogres
  11 wolves
  4 centaurs
  3 kobold brigands
  2 phantoms
  6 bullfrogs
  A necrophage (D:4)
  2 gnoll sergeants (D:8)
  3 scorpions
  A water moccasin zombie (D:7)
  16 wights
  4 killer bees (D:9)
  2 howler monkeys
  3 electric eels (D:10)
  A centaur zombie (D:7)
  2 jellies
  9 hounds
  Crazy Yiuf (D:7)
  8 orc priests
  A gnoll bouda (D:5)
  A centaur skeleton (D:9)
  5 iguanas
  12 orc wizards
  A human simulacrum (D:9)
  2 howler monkey skeletons (D:9)
  13 gnolls
  6 adders
  A shadow imp (D:6)
  3 white imps
  2 dart slugs (D:1)
  58 orcs
  6 ball pythons
  5 bats
  4 endoplasms
  4 giant cockroaches
  3 hobgoblins
  4 jackals (D:2)
  3 quokkas
  2 frilled lizards
  9 goblins
  11 kobolds
  7 rats
  2 lurking horrors (Abyss:1)
  2 starspawn tentacles (Abyss:3)
444 creatures vanquished.

Vanquished Creatures (others)
  A sixfirhy (Abyss:2)
  A deep elf pyromancer (D:11)
  A human simulacrum (D:9)
  3 orcs (D:9)
  A bush (Lair:5)
  11 fungi
  13 plants
  2 starspawn tentacles (Abyss:2)
33 creatures vanquished.

Grand Total: 477 creatures vanquished

Notes
Turn   | Place    | Note
-------+----------+-------------------------------------------
     0 | D:1      | cforsyth the Minotaur Berserker began the quest for the
                  | Orb.
     0 | D:1      | Reached XP level 1. HP: 19/19 MP: 0/0
   111 | D:1      | Reached XP level 2. HP: 27/27 MP: 1/1
   525 | D:1      | Reached ** piety under Trog
   526 | D:1      | Reached XP level 3. HP: 21/33 MP: 2/2
  1337 | D:2      | Found a faded altar of an unknown god.
  1818 | D:3      | Noticed an ogre
  1822 | D:3      | Killed an ogre
  1823 | D:3      | Reached XP level 4. HP: 41/41 MP: 3/3
  1823 | D:3      | Reached XP level 5. HP: 47/47 MP: 4/4
  2130 | D:3      | Found a broken altar of Ashenzari.
  2604 | D:4      | Noticed a black bear
  2612 | D:4      | Killed a black bear
  2613 | D:4      | Reached skill level 5 in Fighting
  2613 | D:4      | Reached skill level 5 in Axes
  2613 | D:4      | Reached skill level 1 in Shields
  2613 | D:4      | Reached XP level 6. HP: 56/56 MP: 5/5
  3044 | D:4      | Reached XP level 7. HP: 47/61 MP: 6/6
  3295 | D:4      | Reached *** piety under Trog
  3296 | D:4      | Reached skill level 5 in Armour
  3386 | D:5      | Entered Level 5 of the Dungeon
  4044 | D:5      | Found Voohucou's Armour Shop.
  4060 | D:5      | Found an ancient bone altar of Kikubaaqudgha.
  4066 | D:5      | Reached skill level 5 in Dodging
  4552 | D:6      | Reached XP level 8. HP: 52/71 MP: 7/7
  4875 | D:6      | Found a staircase to the Ecumenical Temple.
  6016 | D:7      | Found Rinug's Distillery.
  6050 | D:7      | Bought a potion of haste for 110 gold pieces
  6057 | D:7      | Found a shadowy altar of Dithmenos.
  6066 | D:7      | Reached skill level 5 in Shields
  6071 | D:7      | Reached **** piety under Trog
  6254 | D:7      | Reached XP level 9. HP: 64/79 MP: 8/8
  6254 | D:7      | Found a snail-covered altar of Cheibriados.
  6410 | D:7      | Found a glowing silver altar of Zin.
  6524 | D:7      | Found a basalt altar of Yredelemnul.
  6669 | D:7      | Found a large runed translucent door.
  6669 | D:7      | Found a large runed translucent door.
  6673 | D:7      | Found a large runed translucent door.
  6673 | D:7      | Found a large runed translucent door.
  7354 | D:7      | Found a runed translucent door.
  7355 | D:7      | Noticed Crazy Yiuf
  7360 | D:7      | Killed Crazy Yiuf
  7720 | D:8      | Found a glowing golden altar of the Shining One.
  8222 | D:8      | Found Ygejidip's Distillery.
  8521 | D:8      | Reached XP level 10. HP: 88/89 MP: 9/9
  8541 | D:8      | Found Amih's Armour Shoppe.
  9726 | D:9      | Noticed an orange demon
  9738 | D:9      | Killed an orange demon
  9760 | D:9      | Noticed Erica
  9774 | D:9      | Killed Erica
 10043 | D:9      | Found a staircase to the Orcish Mines.
 10364 | D:9      | Noticed Amaemon
 10382 | D:9      | Killed Amaemon
 10530 | D:9      | Noticed Maggie
 10542 | Abyss:1  | Found a corrupted altar of Lugonu.
 10542 | Abyss:1  | Cast into level 1 of the Abyss (Maggie)
 10626 | Abyss:1  | Noticed a large abomination
 10637 | Abyss:1  | Killed a large abomination
 10692 | Abyss:1  | Reached skill level 10 in Fighting
 10692 | Abyss:1  | Reached XP level 11. HP: 61/99 MP: 10/10
 10693 | Abyss:1  | Found a hazy altar of Hepliaklqana.
 10693 | Abyss:1  | Noticed a necromancer
 10712 | Abyss:1  | Noticed a starcursed mass
 10726 | Abyss:1  | Killed a necromancer
 10727 | Abyss:1  | Reached skill level 10 in Axes
 10832 | Abyss:1  | Noticed a tentacled starspawn
 10840 | Abyss:1  | Noticed a starcursed mass
 10857 | Abyss:1  | HP: 5/150 [starcursed mass/accursed screaming (6)]
 10860 | Abyss:1  | HP: 2/150 [starcursed mass/accursed screaming (6)]
 10861 | Abyss:1  | Killed a starcursed mass
 10862 | Abyss:1  | Reached skill level 10 in Armour
 10864 | D:9      | Escaped the Abyss
 10869 | D:9      | HP: 5/101 [Maggie/+1 scimitar of distortion (6)]
 10875 | D:9      | Killed Maggie
 11411 | D:9      | Found a shimmering blue altar of Sif Muna.
 11756 | D:10     | Entered Level 10 of the Dungeon
 12303 | D:10     | Found a staircase to the Lair.
 12608 | D:10     | Found an ornate altar of the Wu Jian Council.
 12675 | D:10     | Found a sparkling altar of Nemelex Xobeh.
 12678 | D:10     | Found a stormy altar of Qazlal.
 12679 | D:10     | Found an iron altar of Okawaru.
 12679 | D:10     | Found a sacrificial altar of Ru.
 12813 | D:10     | You fall into a shaft and drop 1 floor!
 12862 | D:11     | Noticed a boulder beetle
 12890 | D:11     | Killed a boulder beetle
 13317 | D:11     | Found the ring of Shadows {Umbra +Inv Stlth+}
 13318 | D:11     | Noticed Erolcha
 13327 | D:11     | Killed Erolcha
 13547 | D:11     | Reached skill level 10 in Shields
 13939 | D:10     | Reached skill level 10 in Dodging
 13957 | D:10     | Found a hide-covered altar of Uskayaw.
 14282 | D:10     | Noticed a two-headed ogre
 14289 | D:10     | Killed a two-headed ogre
 14290 | D:10     | Reached XP level 12. HP: 110/110 MP: 11/11
 14359 | D:11     | Noticed Lodul
 14382 | D:10     | Killed Lodul
 15236 | D:12     | Noticed Azrael
 15712 | Lair:1   | Entered Level 1 of the Lair of Beasts
 16736 | Lair:2   | Noticed an eight-headed hydra
 16981 | Lair:2   | Killed a 14-headed hydra
 17313 | Lair:2   | Reached ***** piety under Trog
 17806 | Lair:2   | Reached XP level 13. HP: 49/119 MP: 12/12
 19168 | Lair:2   | Found a staircase to the Swamp.
 20208 | Lair:3   | Found a staircase to the Snake Pit.
 20720 | D:8      | Bought a +0 pair of boots for 49 gold pieces
 21071 | Lair:4   | Noticed Urug
 21082 | Lair:4   | Killed Urug
 21174 | Lair:4   | Found a viscous altar of Jiyva.
 21175 | Lair:4   | Found a staircase to the Slime Pits.
 21463 | Lair:5   | Entered Level 5 of the Lair of Beasts
 21644 | Orc:1    | Entered Level 1 of the Orcish Mines
 21776 | Orc:1    | Found Wedikowuim's Overcharged Wands.
 22110 | Orc:2    | Entered Level 2 of the Orcish Mines
 22110 | Orc:2    | Noticed Sonja
 22126 | Abyss:1  | Cast into level 1 of the Abyss (Sonja)
 22312 | Abyss:1  | Noticed a red draconian
 22361 | Abyss:2  | Noticed a green very ugly thing
 22361 | Abyss:2  | Noticed a brown very ugly thing
 22361 | Abyss:2  | Noticed a purple very ugly thing
 22490 | Abyss:2  | Noticed a blizzard demon
 22499 | Abyss:2  | Noticed a starcursed mass
 22532 | Abyss:2  | Noticed a tentacled starspawn
 22552 | Abyss:2  | Noticed a tentacled monstrosity
 22561 | Abyss:2  | Noticed a bone dragon
 22665 | Abyss:2  | Killed a tentacled monstrosity
 22735 | Abyss:3  | Noticed a tentacled starspawn
 22753 | Abyss:3  | Noticed a tentacled starspawn
 22760 | Abyss:3  | Noticed a bone dragon
 22764 | Abyss:3  | Reached XP level 14. HP: 108/130 MP: 13/13
 22764 | Abyss:3  | Killed a tentacled starspawn
 22781 | Orc:1    | Escaped the Abyss
 22790 | Orc:1    | HP: 5/130 [bone dragon (3)]
 22793 | Orc:1    | Slain by a bone dragon

Illustrated notes

Levels and vault maps discovered:
D:1:      tarquinn_simple_flora_water_e, layout_basic
D:2:      layout_basic, basic_ecumenical_altar, reono_crystal_passage,
          minmay_misc_feat_pillars
D:3:      layout_loops_ring, nicolae_ashenzari_skybound, minmay_strange_pillars
D:4:      layout_loops_cross
D:5:      layout_rooms, mainiacjoe_overflow_concentric_impassable, serial_shops,
          nicolae_diamond_shop
D:6:      layout_layer_cave, minmay_temple_entry_large_hall,
          minmay_fractal_squares_diagonal_5
D:7:      layout_basic, lemuel_zombie_altar_yredelemnul,
          mainiacjoe_overflow_big_doors, nicolae_dithmenos_shadow_blocks,
          serial_shops, nicolae_shop_waterfront, minmay_hollow_rounded_squares,
          uniq_crazy_yiuf_cottage
D:8:      layout_loops_corners, lemuel_tele_altar, serial_shops,
          nicolae_square_shop, nicolae_shop_hallway_plus,
          corexii_leaking_fountain
D:9:      layout_loops_corners, mainiacjoe_overflow_catwalk, david_orc_2,
          hangedman_weighted_door, bh_circular_ruins, uniq_amaemon, uniq_maggie,
          uniq_erica
D:10:     layout_loops_ring, old_standard_altar, kennysheep_mini,
          grunt_temple_overflow_open, erik_lair_island, eino_tiny_chamber
D:11:     layout_roguey [special_room_orc], grunt_ministairs_7, uniq_lodul,
          uniq_erolcha
D:12:     layout_rooms, uniq_azrael
Lair:1:   layout_gridlike
Lair:2:   layout_regular_city, palyth_hydra_swamp_entry,
          infiniplex_staircase_pool
Lair:3:   layout_cave_shapes, guppyfry_snake_entry_garden
Lair:4:   layout_concentric_octagons, slime_entry_1,
          chequers_serial_rivers_micro_b, uniq_urug
Lair:5:   wormcave, layout_loops_ring, hangedman_lair_in_review,
          serial_bayou_shore_b
Orc:1:    layout_caves, nicolae_shop_overcharged_wands
Orc:2:    st_orc_town, layout_diamond_mine, basic_altar, uniq_sonja,
          uniq_saint_roka

Skill      XL: |  1  2  3  4  5  6  7  8  9 10 11 12 13 14 |
---------------+-------------------------------------------+-----
Axes           | 4 5 6 7 8 9 11 12 13 | 13.8
Armour         | 3 4 5 6 8 9 11 12 13 | 13.6
Fighting       | 4 5 6 7 8 10 11 12 13 | 13.9
Dodging        | 3 4 5 6 7 8 10 11 12 | 12.5
Shields        | 1 2 3 5 7 8 10 11 12 13 | 13.0

Action                   |  1- 3 |  4- 6 |  7- 9 | 10-12 | 13-15 || total
-------------------------+-------+-------+-------+-------+-------++-------
Melee: Hand axe          |    86 |    78 |    23 |       |       ||   187
       Headbutt          |    15 |    14 |    50 |   169 |    99 ||   347
       Punch             |     2 |       |       |       |       ||     2
       War axe           |       |       |   305 |   674 |   365 ||  1344
Invok: Berserk           |       |     1 |     3 |     8 |     8 ||    20
       Trog's Hand       |       |       |     3 |     7 |    13 ||    23
Evoke: Wand              |       |       |       |       |     1 ||     1
  Use: Scroll            |       |       |    17 |     5 |     7 ||    29
       Potion            |       |       |     2 |     3 |    10 ||    15
 Stab: Distracted        |       |       |       |       |     1 ||     1
Armor: Animal skin       |    14 |     8 |       |       |       ||    22
       Chain mail        |       |    33 |    77 |       |       ||   110
       Gold dragon scale |       |       |   124 |   466 |   278 ||   868
Dodge: Dodged            |    38 |    36 |   201 |   252 |   168 ||   695
Block: Kite shield       |       |    24 |   186 |   397 |   257 ||   864

Table legend: (Time is in decaauts)
 A = Elapsed time spent in this place.
 B = Non-inter-level travel time spent in this place.
 C = Inter-level travel time spent in this place.
 D = Time resting spent in this place.
 E = Time spent auto-exploring this place.
 F = Levels seen in this place.
 G = Mean time per level.
                   A        B        C        D        E       F      G
               +--------+--------+--------+--------+--------+-----+--------+
         Total |  23089 |  22113 |    976 |   5982 |  12005 |  23 | 1003.9 |
       Dungeon |  15895 |  15173 |    722 |   3779 |   8931 |  12 | 1324.6 |
          Lair |   5742 |   5501 |    241 |   2041 |   2547 |   5 | 1148.4 |
  Orcish Mines |    492 |    479 |     13 |      0 |    393 |   2 |  246.0 |
         Abyss |    959 |    959 |      0 |    161 |    134 |   4 |  239.8 |
               +--------+--------+--------+--------+--------+-----+--------+

Top non-repeatable levels by time:
  Lair:2: 2846 daAuts
     D:9: 2571 daAuts
    D:11: 2159 daAuts
    D:10: 1929 daAuts
     D:7: 1823 daAuts
  Lair:1: 1606 daAuts
     D:6: 1549 daAuts
     D:8: 1386 daAuts
     D:4: 1124 daAuts
     D:1: 1075 daAuts
     D:2: 783 daAuts
     D:5: 760 daAuts
  Lair:4: 740 daAuts
     D:3: 701 daAuts
 Abyss:1: 550 daAuts
